 Dungeon Crawl Stone Soup version 0.26-a0-712-ga5a9c9c9d0 (webtiles) character file.

Game seed: 12137938177982739503

13221 kae the Transmogrifier (level 12, -2/109 HPs)
             Began as a Naga Transmuter on Nov 3, 2020.
             Was a High Priest of Cheibriados.
             Slain by a very large slime creature (59 damage)
             ... on level 11 of the Dungeon.
             The game lasted 00:13:38 (16429 turns).

kae the Transmogrifier (Naga Transmuter)           Turns: 16429, Time: 00:13:39

Health: -2/109     AC:  7    Str: 28    XL:     12   Next: 3%
Magic:  14/18      EV: 16    Int: 25    God:    Cheibriados [*****.]
Gold:   715        SH:  0    Dex: 23    Spells: 10/19 levels left

rFire    . . .     SeeInvis +     - Unarmed
rCold    . . .     Faith    .   (shield currently unavailable)
rNeg     + . .     Spirit   .   a - +0 robe
rPois    +         Reflect  .   (no helmet)
rElec    .         Harm     .   G - +1 cloak
rCorr    .         Rampage  .   (gloves currently unavailable)
MR       +....                  (no barding)
Stlth    +++++.....             o - amulet of the acrobat
HPRegen  0.28/turn              (no ring)
MPRegen  0.16/turn              t - ring of positive energy

@: short of breath, blade hands, very slow
A: large, see invisible, deformed body, sense surroundings 1, poison resistance,
slowness 2, spit poison 2, AC +4
a: Breathe Poison Gas, End Transformation, Bend Time, Temporal Distortion,
Slouch, Step From Time, Renounce Religion


You were on level 11 of the Dungeon.
You worshipped Cheibriados.
Cheibriados was extremely pleased with you.
You had blades for hands.
You visited 2 branches of the dungeon, and saw 12 of its levels.
You also visited: Sewer.

You collected 815 gold pieces.
You spent 100 gold pieces at shops.

Inventory:

Armour
 a - a +0 robe (worn)
 y - the +5 robe of Misfortune {*Contam Harm *Corrode *Drain *Slow EV+5}
   (You found it on level 8 of the Dungeon)

   It affects your evasion (+5).
   It causes magical contamination when unequipped.
   It may corrode you when you take damage.
   It causes draining when unequipped.
   It may slow you when you take damage.
   It increases damage dealt and taken.
 G - a +1 cloak (worn)
Jewellery
 o - an amulet of the acrobat (around neck)
 p - an uncursed ring of protection from cold
 t - a ring of positive energy (right scythe-like blade)
 C - a cursed -4 ring of slaying {unknown}
Wands
 h - a wand of enslavement (16)
 j - a wand of disintegration (13)
 m - a wand of flame (8)
 x - a wand of paralysis (9)
 D - a wand of digging (6)
Scrolls
 c - 3 scrolls of blinking
 d - 12 scrolls of teleportation
 f - 2 scrolls of amnesia
 k - 4 scrolls of identify
 l - 2 scrolls of holy word {unknown}
 n - a scroll of remove curse
 q - 2 scrolls of fear
 r - 2 scrolls of fog
 w - a scroll of magic mapping
 A - a scroll of random uselessness {unknown}
 B - a scroll of enchant armour {unknown}
 E - a scroll of immolation {unknown}
 F - a scroll of vulnerability {unknown}
Potions
 b - a potion of stabbing
 e - 2 potions of berserk rage
 g - 5 potions of haste
 i - a potion of might
 s - 5 potions of flight
 u - 2 potions of brilliance
 v - a potion of resistance
 z - 4 potions of heal wounds


   Skills:
 - Level 7.0 Fighting
 + Level 2.2 Armour
 + Level 7.3 Dodging
 - Level 10.0 Stealth
 - Level 8.0 Unarmed Combat
 - Level 4.0 Spellcasting
 - Level 11.0 Transmutations
 - Level 3.0 Poison Magic


You had 10 spell levels left.
You knew the following spells:

 Your Spells              Type           Power        Failure   Level
a - Beastly Appendage     Tmut           ######       7%          1
b - Spider Form           Tmut/Pois      #####.....   19%         3
c - Blade Hands           Tmut           ######....   24%         5

Your spell library contained the following spells:

 Spells                   Type           Power        Failure   Level
 Wereblood                Tmut           ######..     8%          2
 Corona                   Hex            #......      43%         1
 Magic Dart               Conj           #...         43%         1
 Ice Form                 Ice/Tmut       ####....     45%         4
 Petrify                  Tmut/Erth      ####....     45%         4
 Blink                    Tloc           N/A          54%         2
 Call Imp                 Summ           #.......     54%         2
 Ensorcelled Hibernation  Hex/Ice        #.....       54%         2
 Slow                     Hex            #.......     54%         2
 Mephitic Cloud           Conj/Pois/Air  ##......     61%         3
 Confusing Touch          Hex            #.......     69%         3
 Conjure Flame            Conj/Fire      #.......     69%         3
 Dazzling Flash           Conj/Hex       #.....       69%         3
 Gell's Gravitas          Tloc           #.........   69%         3
 Tukima's Dance           Hex            #.......     69%         3
 Yara's Violent Unravell  Hex/Tmut       ####......   69%         5
 Metabolic Englaciation   Hex/Ice        #.........   99%         5


Dungeon Overview and Level Annotations

Branches:
Dungeon (11/15)            Temple (1/1) D:6            Lair (0/6) D:9
  Sewer (visited)
    Orc: D:9-12

Altars:
Ashenzari
Cheibriados
Dithmenos
Elyvilon
Fedhas
Gozag
Hepliaklqana
Kikubaaqudgha
Makhleb
Nemelex Xobeh
Okawaru
Qazlal
Ru
Sif Muna
Trog
Uskayaw
Vehumet
Wu Jian
Xom
Yredelemnul
Zin
The Shining One

Shops:
D:9 !

Annotations:
D:4 4 runed translucent doors


Innate Abilities, Weirdness & Mutations

You cannot wear boots.
Your serpentine skin is tough. (AC +4)
You have supernaturally acute eyesight. (SInv)
Armour fits poorly on your strangely shaped body.
Your system is resistant to poisons. (rPois)
You cover ground very slowly.
You can exhale a cloud of poison.
You passively map a small area around you.


Message History

There are monsters nearby!
Casting: Blade Hands (dangerous; 2% risk of failure)
Confirm with . or Enter, or press ? or * to list all spells.
Your hands turn into razor-sharp scythe blades.
The slime creature quivers. x2
The slime creature hits you but does no damage.
A slime creature comes into view.
The slime creature closely misses you.
A slime creature suddenly becomes a large slime creature.
You completely miss the slime creature. The slime creature misses you.
Two slime creatures merge to form a very large slime creature.
Press: ? - help, Shift-Dir - straight line, f - very large slime creature
Aim: a very large slime creature You exhale a blast of poison gas.
The poison gas misses the very large slime creature.
The very large slime creature hits you!!!
You hit the very large slime creature but do no damage.
The very large slime creature hits you!!!
Ouch! That really hurt!
You die...

, ..# #.......# * #.#
#.......# * #.#
#.......# *#.#
#.......# , ,, #.#
#.......# ,
#.######.......# * ,
# #.'............#
,#.###.######.......#
* #○○J@.# #########
#######


You could see a very large slime creature.

Vanquished Creatures
  Harold (D:10)
  Erica (D:9)
  3 two-headed ogres
  2 unseen horrors (D:11)
  Maurice (D:8)
  Joseph (D:9)
  A komodo dragon (D:9)
  4 trolls
  Grinder (D:6)
  A hornet (D:11)
  Prince Ribbit (D:9)
  A wyvern (D:9)
  7 yaks (D:11)
  A steam dragon (D:8)
  4 orc warriors
  A water moccasin (D:10)
  3 sky beasts
  An ice beast (D:5)
  6 ogres
  2 phantoms
  6 centaurs
  2 big kobolds
  4 bullfrogs
  5 scorpions
  A water moccasin skeleton (D:8)
  8 killer bees (D:7)
  7 wights (D:9)
  3 howler monkeys
  A bullfrog zombie (D:10)
  8 hounds
  2 jellies
  A quasit (D:11)
  10 orc priests
  A bullfrog skeleton (D:7)
  5 iguanas
  Jessica (D:3)
  13 orc wizards
  8 worker ants
  3 hound skeletons
  A mummy (D:8)
  A worker ant zombie (D:7)
  8 gnolls
  A howler monkey skeleton (D:6)
  A river rat (D:6)
  13 adders
  A shadow imp (D:6)
  A white imp (D:8)
  2 ufetubi
  3 adder zombies
  9 oozes
  6 worms
  2 dart slugs (D:2)
  8 leopard geckos
  47 orcs
  6 giant cockroaches
  10 goblins
  14 hobgoblins
  18 jackals
  6 quokkas
  13 bats
  6 frilled lizards
  2 hobgoblin zombies (D:8)
  21 kobolds
  2 orc zombies (D:8)
  2 quokka zombies
  6 rats
342 creatures vanquished.

Vanquished Creatures (others)
  45 plants
45 creatures vanquished.

Grand Total: 387 creatures vanquished

Notes
Turn   | Place    | Note
-------+----------+-------------------------------------------
     0 | D:1      | kae the Naga Transmuter began the quest for the Orb.
     0 | D:1      | Reached XP level 1. HP: 18/18 MP: 3/3
     3 | D:1      | Noticed an electric eel
     3 | D:1      | Noticed an electric eel
   205 | D:1      | Reached XP level 2. HP: 10/25 MP: 3/5
  1048 | D:1      | HP: 1/25 [kobold/+0 whip (6)]
  1049 | D:1      | Gained mutation: You can exhale a cloud of poison. [potion
                  | of mutation]
  1049 | D:1      | Gained mutation: You passively map a small area around you.
                  | [potion of mutation]
  1053 | D:1      | Reached skill level 3 in Transmutations
  1057 | D:1      | Reached XP level 3. HP: 8/31 MP: 4/6
  1515 | D:2      | Found an iron altar of Okawaru.
  2007 | D:2      | Reached XP level 4. HP: 23/38 MP: 7/7
  2294 | D:2      | Found a sacrificial altar of Ru.
  2294 | D:2      | Found a hide-covered altar of Uskayaw.
  2302 | D:2      | Reached skill level 4 in Transmutations
  2430 | D:2      | Reached XP level 5. HP: 34/44 MP: 8/8
  2879 | D:2      | Found a shadowy altar of Dithmenos.
  2879 | D:2      | Found a hazy altar of Hepliaklqana.
  2881 | D:2      | Noticed a shadow
  2962 | D:2      | Learned a level 3 spell: Spider Form
  3035 | D:3      | Noticed Jessica
  3244 | D:3      | Reached skill level 1 in Poison Magic
  3381 | D:3      | Reached XP level 6. HP: 33/51 MP: 9/9
  3539 | D:3      | Reached skill level 5 in Transmutations
  3706 | D:3      | Found a radiant altar of Vehumet.
  3787 | D:3      | Found an iron altar of Okawaru.
  3805 | D:3      | Killed Jessica
  4413 | D:4      | Reached XP level 7. HP: 53/57 MP: 8/10
  4672 | D:4      | Reached skill level 6 in Transmutations
  4920 | D:4      | Reached skill level 5 in Unarmed Combat
  5325 | D:4      | Found a large runed translucent door.
  5325 | D:4      | Found a large runed translucent door.
  5341 | D:4      | Found a large runed translucent door.
  5341 | D:4      | Found a large runed translucent door.
  5696 | D:4      | Reached skill level 7 in Transmutations
  5789 | D:5      | Entered Level 5 of the Dungeon
  5854 | D:5      | Reached XP level 8. HP: 25/64 MP: 8/11
  6729 | D:5      | You fall into a shaft and drop 1 floor!
  6729 | D:6      | Noticed Grinder
  6744 | D:6      | Killed Grinder
  6744 | D:6      | Reached skill level 8 in Transmutations
  7009 | D:6      | Reached skill level 9 in Transmutations
  7081 | D:6      | Reached XP level 9. HP: 70/70 MP: 8/12
  7381 | D:6      | Found a glowing drain.
  7385 | Sewer    | Entered a sewer
  7533 | Sewer    | Learned a level 5 spell: Blade Hands
  8164 | D:6      | Found a staircase to the Ecumenical Temple.
  8178 | Temple   | Entered the Ecumenical Temple
  8304 | Temple   | Became a worshipper of Cheibriados the Contemplative
  8578 | D:6      | Found a sacrificial altar of Ru.
  8891 | D:7      | Reached skill level 10 in Transmutations
  9285 | D:7      | Reached * piety under Cheibriados
  9303 | D:6      | HP: 3/70 [poisoned by a killer bee]
  9837 | D:7      | Found an ancient bone altar of Kikubaaqudgha.
  9840 | D:7      | Found a broken altar of Ashenzari.
  9843 | D:7      | Found a shimmering altar of Xom.
  9976 | D:7      | Found a burning altar of Makhleb.
  9976 | D:7      | Noticed a balrug
 10070 | D:5      | Found a white marble altar of Elyvilon.
 10122 | D:5      | Found a basalt altar of Yredelemnul.
 10214 | D:8      | Reached skill level 11 in Transmutations
 10571 | D:8      | Reached ** piety under Cheibriados
 10580 | D:8      | Reached XP level 10. HP: 20/84 MP: 11/13
 11251 | D:8      | Noticed a two-headed ogre
 11259 | D:8      | Noticed Maurice
 11260 | D:8      | Killed a two-headed ogre
 11260 | D:8      | Reached skill level 5 in Fighting
 11278 | D:8      | Killed Maurice
 11722 | D:8      | Found the +5 robe of Misfortune {*Contam Harm *Corrode
                  | *Drain *Slow EV+5}
 11902 | D:9      | Noticed a two-headed ogre
 12086 | D:9      | Killed a two-headed ogre
 12296 | D:9      | Noticed Joseph
 12477 | D:9      | Killed Joseph
 12477 | D:9      | Reached *** piety under Cheibriados
 12528 | D:9      | Noticed a two-headed ogre
 12533 | D:9      | Killed a two-headed ogre
 12533 | D:9      | Reached skill level 5 in Dodging
 12533 | D:9      | Reached XP level 11. HP: 43/100 MP: 8/14
 12771 | D:9      | Found Tuic's Distillery.
 12809 | D:9      | Bought 2 potions of heal wounds for 100 gold pieces
 12809 | D:9      | Noticed Prince Ribbit
 12815 | D:9      | Killed Prince Ribbit
 12878 | D:9      | Noticed Erica
 13061 | D:9      | Killed Erica
 13431 | D:9      | Reached **** piety under Cheibriados
 13729 | D:9      | Found a staircase to the Lair.
 13833 | D:9      | Found a snail-covered altar of Cheibriados.
 14079 | D:10     | Entered Level 10 of the Dungeon
 14084 | D:10     | Reached skill level 1 in Stealth
 14765 | D:10     | Reached skill level 5 in Stealth
 14847 | D:10     | Noticed Harold
 14857 | D:10     | Killed Harold
 15766 | D:11     | Noticed an unseen horror
 15785 | D:11     | Killed an unseen horror
 15886 | D:11     | Reached skill level 10 in Stealth
 16078 | D:11     | Noticed an unseen horror
 16092 | D:11     | Killed an unseen horror
 16092 | D:11     | Reached skill level 1 in Armour
 16095 | D:11     | Reached ***** piety under Cheibriados
 16097 | D:11     | Reached XP level 12. HP: 40/109 MP: 15/18
 16429 | D:11     | Slain by a very large slime creature

Illustrated notes

Levels and vault maps discovered:
D:1:      arrival_aquarium_b, layout_loops_ring, serial_bayou,
          serial_bayou_shore_b, serial_bayou_pond_c, serial_bayou_pond_a,
          serial_bayou_lagoon_a
D:2:      layout_rooms, riverfiend_overflow_shadow_ancestor,
          grunt_temple_overflow_open
D:3:      layout_basic, vehumet_crystals, okawaru_metal_pillars_1_2,
          uniq_jessica
D:4:      layout_rooms, serial_glass, glass_columns_c, glass_columns_c,
          feat_on_display, minmay_hollow_rounded_squares
D:5:      layout_basic, kennysheep_ying_yang
D:6:      layout_rooms, minmay_temple_entry_grid, gup_sewer_entry_bowl,
          nicolae_ru_the_path_less_chosen, uniq_grinder
D:7:      layout_cave_pools, grunt_temple_overflow_diamond,
          makhleb_altar_promises_db
D:8:      layout_basic, nicolae_zen_rock_garden, minmay_mini_ossuary,
          uniq_maurice
D:9:      layout_rooms, david_lair_shrubbed, serial_shops, kennysheep_mini,
          cheibrodos_worm_habitat, uniq_joseph, uniq_erica, uniq_prince_ribbit1
D:10:     layout_basic, uniq_harold
D:11:     layout_roguey, serial_shops, nicolae_shop_trees
Temple:   jpeg_temple_clearing

Skill      XL: |  1  2  3  4  5  6  7  8  9 10 11 |
---------------+----------------------------------+-----
Transmutations | 3 4 5 7 9 11 | 11.0
Unarmed Combat | 4 5 7 8 |  8.0
Poison Magic   | 1 3 |  3.0
Fighting       | 3 7 |  7.0
Dodging        | 5 7 |  7.3
Spellcasting   | 4 |  4.0
Stealth        | 10 | 10.0
Armour         | 2 |  2.2

Action                   |  1- 3 |  4- 6 |  7- 9 | 10-12 || total
-------------------------+-------+-------+-------+-------++-------
Melee: Unarmed           |    64 |   121 |   403 |   260 ||   848
       Headbutt          |     6 |    10 |     1 |       ||    17
       Punch             |       |     1 |     1 |     6 ||     8
 Cast: Beastly Appendage |    15 |    22 |     7 |       ||    44
       Spider Form       |       |       |    39 |    15 ||    54
       Blade Hands       |       |       |       |    33 ||    33
 Abil: Spit Poison       |    13 |       |       |       ||    13
       Breathe Poison Ga |     7 |    25 |    22 |    28 ||    82
  Use: Potion            |     2 |       |     5 |       ||     7
       Scroll            |       |     2 |    14 |       ||    16
 Stab: Sleeping          |       |       |     1 |     4 ||     5
Armor: Robe              |    10 |    39 |    45 |    24 ||   118
       Skin              |       |       |    14 |     2 ||    16
Dodge: Dodged            |    48 |    80 |   402 |   262 ||   792

Table legend: (Time is in decaauts)
 A = Elapsed time spent in this place.
 B = Non-inter-level travel time spent in this place.
 C = Inter-level travel time spent in this place.
 D = Time resting spent in this place.
 E = Time spent auto-exploring this place.
 F = Levels seen in this place.
 G = Mean time per level.
                   A        B        C        D        E       F      G
               +--------+--------+--------+--------+--------+-----+--------+
         Total |  21369 |  20557 |    812 |   2649 |  15182 |  13 | 1643.8 |
       Dungeon |  20053 |  19262 |    791 |   2649 |  14203 |  11 | 1823.0 |
        Temple |    190 |    169 |     21 |      0 |    167 |   1 |  190.0 |
         Sewer |   1125 |   1125 |      0 |      0 |    811 |   1 | 1125.0 |
               +--------+--------+--------+--------+--------+-----+--------+

Top non-repeatable levels by time:
    D:10: 2799 daAuts
     D:9: 2627 daAuts
     D:1: 2588 daAuts
     D:8: 2510 daAuts
     D:6: 1756 daAuts
     D:4: 1679 daAuts
     D:3: 1373 daAuts
     D:5: 1356 daAuts
     D:7: 1356 daAuts
   Sewer: 1125 daAuts
    D:11: 1049 daAuts
     D:2: 957 daAuts
  Temple: 190 daAuts
